 Dungeon Crawl Stone Soup version 0.29-a0-557-g43b9904bd1 (webtiles) character file.

Game seed: 12071143410771740153

243 Seig the Grave Robber (level 5, -1/39 HPs)
             Began as a Vampire Necromancer on June 8, 2022.
             Shot with an arrow by a centaur (9 damage)
             ... on level 5 of the Dungeon.
             The game lasted 00:36:10 (3402 turns).

Seig the Grave Robber (Vampire Necromancer)         Turns: 3402, Time: 00:36:11

Health: -1/39      AC:  7    Str:  7    XL:     5   Next: 82%
Magic:  9/9        EV: 12    Int: 19    God:
Gold:   185        SH:  0    Dex: 15    Spells: 6/9 levels left

rFire   . . .      SeeInvis +   c - +0 short sword (flame)
rCold   . . .      Faith    .   (no shield)
rNeg    + . .      Spirit   .   d - +2 leather armour {rN+}
rPois   .          Reflect  .   (no helmet)
rElec   .          Harm     .   j - +1 cloak
rCorr   .          Rampage  .   (no gloves)
Will    .....                   (no boots)
Stlth   +++.......              (no amulet)
HPRegen 0.33/turn               (no ring)
MPRegen 0.11/turn               (no ring)

@: healing quickly
A: alive, fangs 3, see invisible, vampiric 2
a: Exsanguinate


You were on level 5 of the Dungeon.
You visited 1 branch of the dungeon, and saw 5 of its levels.

You collected 185 gold pieces.

Inventory:

Hand Weapons
 c - a +0 short sword of flaming (weapon)
Armour
 a - a +0 robe
 d - a +2 leather armour of positive energy (worn)
 e - a +0 leather armour
 g - a +0 pair of boots
 j - a +1 cloak (worn)
Scrolls
 f - 4 scrolls of identify
 i - a scroll of amnesia
Potions
 b - a potion of magic


   Skills:
 * Level 2.6 Fighting
 + Level 2.0 Short Blades
 + Level 3.2 Dodging
 + Level 4.5 Stealth
 + Level 2.7 Spellcasting
 + Level 5.0 Necromancy


You had 6 spell levels left.
You knew the following spells:

 Your Spells              Type           Power      Damage    Failure   Level
a - Necrotize             Necr           84%        1d8       3%          1
b - Call Imp              Summ           2%         N/A       34%         2

Your spell library contained the following spells:

 Spells                   Type           Power      Damage    Failure   Level
 Vampiric Draining        Necr           21%        2d7       9%          3
 Apportation              Tloc           4%         N/A       24%         1
 Magic Dart               Conj           8%         1d3       24%         1
 Summon Small Mammal      Summ           8%         N/A       24%         1
 Animate Dead             Necr           21%        N/A       30%         4
 Ensorcelled Hibernation  Hex/Ice        4%         N/A       34%         2
 Mephitic Cloud           Conj/Pois/Air  2%         N/A       56%         3
 Spider Form              Tmut/Pois      2%         N/A       56%         3
 Tukima's Dance           Hex            2%         N/A       56%         3
 Anguish                  Hex/Necr       6%         N/A       63%         4
 Agony                    Necr           21%        N/A       63%         5
 Passage of Golubria      Tloc           2%         N/A       93%         4
 Yara's Violent Unravell  Hex/Tmut       1%         3d3       100%        5


Dungeon Overview and Level Annotations

Branches:
Dungeon (5/15)
 Temple: D:4-7

Altars:
Cheibriados
Fedhas
Nemelex Xobeh
Qazlal
Yredelemnul


Innate Abilities, Weirdness & Mutations

Your natural rate of healing is accelerated.
You have razor-sharp teeth.
You have supernaturally acute eyesight. (SInv)
You are afflicted with vampirism and can become a bat while bloodless.


Message History

The ufetubus closely misses you. The ufetubus hits you.
You barely miss the ufetubus.
The ufetubus is severely wounded.
The ufetubus hits you.
The ufetubus hits you but does no damage.
You closely miss the ufetubus.
The ufetubus is severely wounded.
The ufetubus hits you. x2; The ufetubus barely misses you.
The ufetubus hits you.
The centaur hits you but does no damage.
The centaur closely misses you.
You hit the ufetubus but do no damage.
The ufetubus is severely wounded.
The centaur hits you but does no damage.
The centaur kicks you. The ufetubus misses you.
The ufetubus hits you but does no damage.
You miss the ufetubus.
The ufetubus is severely wounded.
The centaur hits you.
The centaur kicks you but does no damage.
The ufetubus hits you. The ufetubus misses you. The centaur hits you.
The centaur barely misses you. The ufetubus hits you.
The ufetubus hits you but does no damage.
As you read the scroll of teleportation, it crumbles to dust.
You feel strangely unstable. The centaur misses you.
The centaur kicks you but does no damage.
The ufetubus misses you. The ufetubus hits you.
The centaur wields a +0 shortbow.
The centaur shoots an arrow.
The arrow hits you.
* * * LOW HITPOINT WARNING * * *
The ufetubus closely misses you. The ufetubus hits you.
* * * LOW HITPOINT WARNING * * *
Your surroundings seem slightly different.
An orc comes into view. It is wielding a +0 short sword.
The centaur shoots an arrow.
The arrow closely misses you.
The arrow barely misses the orc.
The centaur shoots an arrow.
The arrow barely misses you.
The arrow hits the orc!
The orc dies!
The centaur shoots an arrow.
The arrow hits you!
You die...

#.. #..# .# #..#
#..# ..# #..#
##..# #..###..##
##...##
#.......###.....#
#..............##
##.)....c....###
##.........####
.......@5###
.........#
##.......#
##.....## #.....#
#...... .......
........


You could see a centaur and an ufetubus.

Vanquished Creatures
  A necrophage (D:4)
  Dowan (D:5)
  A gnoll (D:1)
  2 adders
  6 dart slugs
  7 orcs (D:3)
  An endoplasm (D:4)
  A giant cockroach (D:4)
  4 hobgoblins
  3 jackals (D:2)
  4 quokkas
  7 ball pythons
  2 bats
  A frilled lizard (D:3)
  3 goblins
  6 kobolds
  2 rats (D:2)
52 creatures vanquished.

Vanquished Creatures (collateral kills)
  A hound (D:4)
  A dart slug (D:4)
  A giant cockroach (D:2)
  A goblin (D:2)
  A hobgoblin (D:2)
  A jackal (D:2)
  A frilled lizard (D:1)
7 creatures vanquished.

Vanquished Creatures (others)
  An orc (D:5)
  A fungus (D:3)
  2 plants (D:3)
4 creatures vanquished.

Grand Total: 63 creatures vanquished

Notes
Turn   | Place    | Note
-------+----------+-------------------------------------------
     0 | D:1      | Seig the Vampire Necromancer began the quest for the Orb.
     0 | D:1      | Reached XP level 1. HP: 13/13 MP: 3/3
   234 | D:1      | Reached XP level 2. HP: 20/20 MP: 0/5
   819 | D:2      | Reached skill level 1 in Fighting
   875 | D:2      | Gained mutation: You are afflicted with vampirism and can
                  | become a bat while bloodless. [Vampire growth]
   875 | D:2      | Reached XP level 3. HP: 23/23 MP: 3/6
   899 | D:2      | Found a basalt altar of Yredelemnul.
  1134 | D:2      | Reached skill level 1 in Short Blades
  1189 | D:3      | Found a faded altar of an unknown god.
  1553 | D:3      | Learned a level 2 spell: Call Imp
  1553 | D:3      | Found a snail-covered altar of Cheibriados.
  1564 | D:3      | Found a sparkling altar of Nemelex Xobeh.
  1575 | D:3      | Found a stormy altar of Qazlal.
  1763 | D:4      | Found a blossoming altar of Fedhas.
  1765 | D:4      | Reached XP level 4. HP: 29/29 MP: 4/7
  3224 | D:4      | Noticed a necrophage
  3247 | D:4      | Killed a necrophage
  3248 | D:4      | Reached XP level 5. HP: 20/39 MP: 6/8
  3288 | D:5      | Entered Level 5 of the Dungeon
  3291 | D:5      | Noticed Dowan
  3332 | D:5      | Killed Dowan
  3333 | D:5      | Reached skill level 5 in Necromancy
  3385 | D:5      | Noticed a centaur
  3402 | D:5      | Shot with an arrow by a centaur

Illustrated notes

Levels and vault maps discovered:
D:1:      roderic_crossed_star, layout_rooms, serial_bayou_pond_b
D:2:      layout_loops_cross, basic_altar, chequers_serial_rivers_small_3,
          uniq_natasha, uniq_terence
D:3:      layout_loops_corners, grunt_temple_overflow_diamond,
          kb_xom_exploding_sheep, shapermc_ecumenical_altar_mp_ritualfount
D:4:      layout_basic, fedhas_altar_2, minmay_misc_feat_secret_circle
D:5:      kennysheep_slugbush, layout_layer_cave, uniq_duvessa

Skill      XL: |  1  2  3  4  5 |
---------------+----------------+-----
Fighting       | 1 2 |  2.6
Short Blades   | 1 2 |  2.0
Stealth        | 4 |  4.5
Dodging        | 3 |  3.2
Necromancy     | 5 |  5.0
Spellcasting   | |  2.7

Action                   |  1- 3 |  4- 6 || total
-------------------------+-------+-------++-------
Melee: Unarmed           |     1 |       ||     1
       Dagger            |    36 |       ||    36
       Bite              |    10 |     5 ||    15
       Short sword       |    12 |    60 ||    72
 Cast: Necrotize         |    47 |    16 ||    63
       Call Imp          |     1 |     3 ||     4
 Abil: Exsanguinate      |     1 |       ||     1
       Revivify          |     1 |       ||     1
  Use: Scroll            |     4 |     2 ||     6
       Potion            |     3 |     1 ||     4
 Stab: Sleeping          |     1 |       ||     1
Armor: Robe              |     2 |       ||     2
       Leather armour    |     6 |    40 ||    46
Dodge: Dodged            |    29 |    53 ||    82

Table legend: (Time is in decaauts)
 A = Elapsed time spent in this place.
 B = Non-inter-level travel time spent in this place.
 C = Inter-level travel time spent in this place.
 D = Time resting spent in this place.
 E = Time spent auto-exploring this place.
 F = Levels seen in this place.
 G = Mean time per level.
                   A        B        C        D        E       F      G
               +--------+--------+--------+--------+--------+-----+--------+
         Total |   3424 |   3424 |      0 |   1183 |    168 |   5 |  684.8 |
       Dungeon |   3424 |   3424 |      0 |   1183 |    168 |   5 |  684.8 |
               +--------+--------+--------+--------+--------+-----+--------+

Top non-repeatable levels by time:
     D:4: 1552 daAuts
     D:1: 825 daAuts
     D:3: 574 daAuts
     D:2: 376 daAuts
     D:5: 96 daAuts
